AZL
CHICAGO A (AZL) WHITE SOX @ ARIZONA (AZL) DIAMONDBACKS
07/15/2099
 
TOP OF THE 1ST
Chicago A (AZL) White Sox batting - Pitching for Arizona (AZL) Diamondbacks : RHP Mike Brohl
Pitching: RHP Mike Brohl
Batting: RHB Kyle Allen 0-0: Ball
1-0: Called Strike
1-1: Ball
2-1: Ball
3-1: Ground out 6-3 (Groundball, 6, EV 87.5 MPH)
Batting: RHB Ryan Polzin 0-0: Called Strike
0-1: Foul Ball, location: 23F
0-2: Ball
1-2: Strikes out swinging
Batting: LHB Cody Kopas 0-0: Fly out, F8 (Flyball, 8LXD, EV 99.4 MPH)
Top of the 1st over - 0 runs, 0 hits, 0 errors, 0 left on base; Chicago A (AZL) 0 - Arizona (AZL) 0
BOTTOM OF THE 1ST
Arizona (AZL) Diamondbacks batting - Pitching for Chicago A (AZL) White Sox : LHP Miguel Ayon
Pitching: LHP Miguel Ayon
Batting: RHB Javier Pacheco 0-0: SINGLE (Groundball, 34D, EV 95.6 MPH)
Batting: SHB Eric Meek 0-0: Called Strike
0-1: Foul Ball, location: 3FF
0-2: Foul Ball, location: 3SF
0-2: Strikes out swinging
Batting: RHB Joe Reese 0-0: Swinging Strike
0-1: Called Strike
0-2: Ball
1-2: Grounds into double play, 4-6-3 (Groundball, 34, EV 88.1 MPH)
Bottom of the 1st over - 0 runs, 1 hit, 0 errors, 0 left on base; Chicago A (AZL) 0 - Arizona (AZL) 0
TOP OF THE 2ND
Chicago A (AZL) White Sox batting - Pitching for Arizona (AZL) Diamondbacks : RHP Mike Brohl
Batting: LHB Bryan Singer 0-0: Foul Ball, location: 7LMF
0-1: Called Strike
0-2: Strikes out looking
Batting: RHB Tom Finger 0-0: Called Strike
0-1: Foul Ball, location: 2F
0-2: Strikes out looking
Batting: SHB Jon Babinec 0-0: Called Strike
0-1: Ground out 4-3 (Groundball, 4, EV 85.6 MPH)
Top of the 2nd over - 0 runs, 0 hits, 0 errors, 0 left on base; Chicago A (AZL) 0 - Arizona (AZL) 0
BOTTOM OF THE 2ND
Arizona (AZL) Diamondbacks batting - Pitching for Chicago A (AZL) White Sox : LHP Miguel Ayon
Batting: RHB Rafael Rivera 0-0: SINGLE (Groundball, 4MD, EV 105.6 MPH)
Batting: LHB Richard Alvarado 0-0: Called Strike
0-1: Reached on error, E5 (Groundball, 56S, EV 65.0 MPH)
Rafael Rivera to second
Batting: RHB Matt Lancaster 0-0: Ball
1-0: Fly out, F6 (Popup, 6, EV 54.4 MPH)
Batting: SHB Cody Allen 0-0: Called Strike
0-1: Grounds into double play, 3-6-3 (Groundball, 34S, EV 84.4 MPH)
Bottom of the 2nd over - 0 runs, 1 hit, 1 error, 1 left on base; Chicago A (AZL) 0 - Arizona (AZL) 0
TOP OF THE 3RD
Chicago A (AZL) White Sox batting - Pitching for Arizona (AZL) Diamondbacks : RHP Mike Brohl
Batting: LHB Joey Owens 0-0: Ball
1-0: Ball
2-0: Ball
3-0: Called Strike
3-1: Base on Balls
Batting: RHB David Daly 0-0: Ball
1-0: Bunt missed!
1-1: Ball
2-1: Bunt missed!
2-2: Ball
3-2: Foul Ball, location: 3F
3-2: DOUBLE (Line Drive, 7LM, EV 103.1 MPH)
Joey Owens to third
Batting: RHB Bryan Peters 0-0: Called Strike
0-1: Swinging Strike
0-2: Strikes out swinging
Batting: RHB Kyle Allen 0-0: Called Strike
0-1: Foul Ball, location: 2F
0-2: Foul Ball, location: 2F
0-2: Ball
1-2: Foul Ball, location: 9LDF
1-2: Strikes out swinging
Batting: RHB Ryan Polzin 0-0: Ground out 6-3 (Groundball, 6S, EV 62.5 MPH)
Top of the 3rd over - 0 runs, 1 hit, 0 errors, 2 left on base; Chicago A (AZL) 0 - Arizona (AZL) 0
BOTTOM OF THE 3RD
Arizona (AZL) Diamondbacks batting - Pitching for Chicago A (AZL) White Sox : LHP Miguel Ayon
Batting: LHB Jose Guerrero 0-0: Ball
1-0: Ball
2-0: Ball
3-0: Called Strike
3-1: Foul Ball, location: 2F
3-2: Base on Balls
Batting: LHB Merrill Wahl 0-0: Called Strike
0-1: Ball
1-1: Ball
2-1: Fly out, F9 (Flyball, 89S, EV 91.3 MPH)
Batting: RHB Javier Pacheco 0-0: Called Strike
Jose Guerrero is caught stealing 2nd base 2-4
0-1: Ball
1-1: Swinging Strike
1-2: Ball
2-2: SINGLE (Groundball, 6MD, EV 105.0 MPH)
Batting: SHB Eric Meek 0-0: Ball
1-0: DOUBLE (Line Drive, 89XD, EV 108.8 MPH)
Javier Pacheco to third
Batting: RHB Joe Reese 0-0: Ball
1-0: Ball
2-0: Foul Ball, location: 25FF
2-1: Foul Ball, location: 3SF
2-2: Ball
3-2: Foul Ball, location: 3SF
3-2: Fly out, F7 (Line Drive, 7, EV 99.4 MPH)
Bottom of the 3rd over - 0 runs, 2 hits, 0 errors, 2 left on base; Chicago A (AZL) 0 - Arizona (AZL) 0
TOP OF THE 4TH
Chicago A (AZL) White Sox batting - Pitching for Arizona (AZL) Diamondbacks : RHP Mike Brohl
Batting: LHB Cody Kopas 0-0: Called Strike
0-1: Ball
1-1: Single, Error in OF, E9, batter to second base (Line Drive, 9S, EV 105.6 MPH)
Batting: LHB Bryan Singer 0-0: Ball
1-0: Foul Ball, location: 7LDF
1-1: Swinging Strike
1-2: Foul Ball, location: 7LSF
1-2: Strikes out swinging
Batting: RHB Tom Finger 0-0: Called Strike
0-1: Ball
1-1: Ball
2-1: SINGLE (Line Drive, 78S, EV 94.4 MPH)
Cody Kopas to third
Runner from 3rd tries for Home, SAFE, throw by LF to home
Batting: SHB Jon Babinec 0-0: Ball
1-0: Fly out, F5 (Popup, 25F, EV 81.9 MPH)
Batting: LHB Joey Owens 0-0: Foul Ball, location: 25FF
0-1: Fielders Choice at 2nd, U6 (Groundball, 6M, EV 83.8 MPH)
Top of the 4th over - 1 run, 2 hits, 1 error, 1 left on base; Chicago A (AZL) 1 - Arizona (AZL) 0
BOTTOM OF THE 4TH
Arizona (AZL) Diamondbacks batting - Pitching for Chicago A (AZL) White Sox : LHP Miguel Ayon
Batting: RHB Rafael Rivera 0-0: Swinging Strike
0-1: Ball
1-1: Called Strike
1-2: Ball
2-2: Ball
3-2: SINGLE (Line Drive, 6D, EV 98.8 MPH)
Batting: LHB Richard Alvarado 0-0: Ball
1-0: Foul Ball, location: 3FF
1-1: Swinging Strike
1-2: DOUBLE (Flyball, 89XD, EV 111.9 MPH)
Rafael Rivera to third
Batting: RHB Matt Lancaster 0-0: Ball
1-0: Ball
2-0: Called Strike
2-1: Foul Ball, location: 2F
2-2: SINGLE (Line Drive, 8RS, EV 100.0 MPH)
Rafael Rivera scores
Richard Alvarado to third
Runner from 3rd tries for Home, SAFE, throw by CF to home
Matt Lancaster to second
Batting: SHB Cody Allen 0-0: Ball
1-0: Ball
2-0: Ball
3-0: Base on Balls
Batting: LHB Jose Guerrero 0-0: Called Strike
0-1: Ball
1-1: Foul Ball, location: 5F
1-2: Strikes out swinging
Batting: LHB Merrill Wahl 0-0: Ball
1-0: Foul Ball, location: 2F
1-1: Foul Ball, location: 23F
1-2: Strikes out swinging
Batting: RHB Javier Pacheco 0-0: Ball
1-0: Ball
2-0: Foul Ball, location: 25FF
2-1: Foul Ball, location: 5FF
2-2: Foul Ball, location: 2F
2-2: Ball
3-2: Foul Ball, location: 3DF
3-2: Base on Balls
Matt Lancaster to third
Cody Allen to second
Pitching: RHP Frank Flores
Batting: SHB Eric Meek 0-0: Called Strike
0-1: Swinging Strike
0-2: Ball
1-2: Ball
2-2: Strikes out looking
Bottom of the 4th over - 2 runs, 3 hits, 0 errors, 3 left on base; Chicago A (AZL) 1 - Arizona (AZL) 2
TOP OF THE 5TH
Chicago A (AZL) White Sox batting - Pitching for Arizona (AZL) Diamondbacks : RHP Mike Brohl
Batting: RHB David Daly 0-0: Swinging Strike
0-1: Foul Ball, location: 2F
0-2: Strikes out swinging
Batting: RHB Bryan Peters 0-0: Called Strike
0-1: Called Strike
0-2: Ball
1-2: Ground out 1-3 (Groundball, 34S, EV 70.0 MPH)
Batting: RHB Kyle Allen 0-0: Ball
1-0: Ball
2-0: Called Strike
2-1: Foul Ball, location: 2F
2-2: Foul Ball, location: 3FF
2-2: Foul Ball, location: 23F
2-2: Ball
3-2: Strikes out looking
Top of the 5th over - 0 runs, 0 hits, 0 errors, 0 left on base; Chicago A (AZL) 1 - Arizona (AZL) 2
BOTTOM OF THE 5TH
Arizona (AZL) Diamondbacks batting - Pitching for Chicago A (AZL) White Sox : RHP Frank Flores
Batting: RHB Joe Reese 0-0: Ball
1-0: Called Strike
1-1: Called Strike
1-2: Strikes out swinging
Batting: RHB Rafael Rivera 0-0: Called Strike
0-1: Fly out, F7 (Flyball, 7LM, EV 87.5 MPH)
Batting: LHB Richard Alvarado 0-0: Ball
1-0: Ball
2-0: Called Strike
2-1: Ball
3-1: Base on Balls
Batting: RHB Matt Lancaster 0-0: Called Strike
0-1: Ball
1-1: Foul Ball, location: 5F
1-2: Strikes out looking
Bottom of the 5th over - 0 runs, 0 hits, 0 errors, 1 left on base; Chicago A (AZL) 1 - Arizona (AZL) 2
TOP OF THE 6TH
Chicago A (AZL) White Sox batting - Pitching for Arizona (AZL) Diamondbacks : RHP Mike Brohl
Batting: RHB Ryan Polzin 0-0: Ball
1-0: Bunt missed!
1-1: Ball
2-1: Ball
3-1: Base on Balls
Batting: LHB Cody Kopas 0-0: Ball
1-0: SINGLE (Line Drive, 78S, EV 106.3 MPH)
Ryan Polzin to second
Batting: LHB Bryan Singer 0-0: Called Strike
0-1: Foul Ball, location: 9LMF
0-2: Ball
1-2: Ball
2-2: Fly out, F9 (Line Drive, 9, EV 93.1 MPH)
Pitching: RHP Donovan Augst
Batting: LHB Kyle Young 0-0: Foul Ball, location: 2F
0-1: Called Strike
0-2: Foul Ball, location: 7LSF
0-2: Ball
1-2: Ball
2-2: Ball
3-2: Base on Balls
Ryan Polzin to third
Cody Kopas to second
Batting: SHB Jon Babinec 0-0: Called Strike
0-1: Called Strike
0-2: Ball
1-2: Ball
2-2: Strikes out looking
Batting: LHB Joey Owens 0-0: Ball
1-0: Called Strike
1-1: Foul Ball, location: 5SF
1-2: Ball
2-2: Strikes out swinging
Top of the 6th over - 0 runs, 1 hit, 0 errors, 3 left on base; Chicago A (AZL) 1 - Arizona (AZL) 2
BOTTOM OF THE 6TH
Arizona (AZL) Diamondbacks batting - Pitching for Chicago A (AZL) White Sox : RHP Frank Flores
Batting: SHB Cody Allen 0-0: Ball
1-0: Ball
2-0: Called Strike
2-1: Ball
3-1: Swinging Strike
3-2: Strikes out swinging
Batting: LHB Jose Guerrero 0-0: Foul Ball, location: 9LSF
0-1: Ball
1-1: Swinging Strike
1-2: Ball
2-2: Hit by Pitch
Batting: LHB Merrill Wahl 0-0: Ball
1-0: Ball
2-0: Ball
3-0: Called Strike
3-1: Swinging Strike
3-2: Strikes out swinging
Batting: RHB Javier Pacheco 0-0: Foul Ball, location: 7LMF
0-1: Ball
1-1: Ball
2-1: Swinging Strike
2-2: Strikes out swinging
Bottom of the 6th over - 0 runs, 0 hits, 0 errors, 1 left on base; Chicago A (AZL) 1 - Arizona (AZL) 2
TOP OF THE 7TH
Chicago A (AZL) White Sox batting - Pitching for Arizona (AZL) Diamondbacks : RHP Donovan Augst
Pitching: RHP Jose Calle
Batting: RHB David Daly 0-0: Called Strike
0-1: Swinging Strike
0-2: Ball
1-2: SOLO HOME RUN (Flyball, 9D, EV 98.1 MPH), Distance : 366 ft
Pinch Hitting: RHB D.J. Kallok 0-0: Ball
1-0: Called Strike
1-1: Called Strike
1-2: Ground out 5-3 (Groundball, 5, EV 101.3 MPH)
Pinch Hitting: RHB Dillon Geyer 0-0: Swinging Strike
0-1: Ball
1-1: Ball
2-1: SINGLE (Line Drive, 9S, EV 91.3 MPH)
Pinch Hitting: LHB Dennis Larson 0-0: Swinging Strike
0-1: Ball
1-1: Swinging Strike
1-2: Strikes out swinging
Batting: LHB Cody Kopas 0-0: Foul Ball, location: 5FF
0-1: Ball
1-1: Fly out, F5 (Popup, 5SF, EV 85.6 MPH)
Top of the 7th over - 1 run, 2 hits, 0 errors, 1 left on base; Chicago A (AZL) 2 - Arizona (AZL) 2
BOTTOM OF THE 7TH
Arizona (AZL) Diamondbacks batting - Pitching for Chicago A (AZL) White Sox : RHP Frank Flores
Pitching: RHP Chad Blechle
Now at 2B: Joey Owens
Now at 3B: Josh Lane
Now at SS: Cory Porter
Now in LF: Dillon Geyer
Batting: SHB Eric Meek 0-0: Foul Ball, location: 2F
0-1: Ball
1-1: SINGLE (Line Drive, 56, EV 103.1 MPH)
Batting: RHB Joe Reese 0-0: Foul Ball, location: 2F
0-1: Ball
1-1: Ball
2-1: DOUBLE (Line Drive, 9LS, EV 108.1 MPH)
Eric Meek to third
Runner from 3rd tries for Home, SAFE, throw by RF to trailing runner, SAFE at third!
Batting: RHB Rafael Rivera 0-0: Called Strike
0-1: Swinging Strike
0-2: Strikes out looking
Batting: LHB Richard Alvarado 0-0: Intentional Walk
Batting: RHB Matt Lancaster 0-0: Ball
1-0: Ball
2-0: Ground out 5-3 (Groundball, 56, EV 82.5 MPH)
Joe Reese scores
Richard Alvarado to second
Batting: SHB Cody Allen 0-0: Ball
1-0: Called Strike
1-1: Called Strike
1-2: Fly out, F9 (Flyball, 9LD, EV 82.5 MPH)
Bottom of the 7th over - 2 runs, 2 hits, 0 errors, 1 left on base; Chicago A (AZL) 2 - Arizona (AZL) 4
TOP OF THE 8TH
Chicago A (AZL) White Sox batting - Pitching for Arizona (AZL) Diamondbacks : RHP Jose Calle
Now in LF: Jose Guerrero
Now in RF: Ruben Prudente
Batting: LHB Bryan Singer 0-0: Ball
1-0: Fly out, F7 (Flyball, 78M, EV 80.6 MPH)
Pitching: LHP Tim Furrer
Batting: RHB Juan Turcio 0-0: Ball
1-0: Called Strike
1-1: Ball
2-1: Foul Ball, location: 2F
2-2: SINGLE (Groundball, 13S, EV 68.8 MPH) (infield hit)
Batting: SHB Jon Babinec 0-0: Ball
1-0: Called Strike
1-1: Called Strike
1-2: DOUBLE (Line Drive, 78D, EV 100.0 MPH)
Juan Turcio to third
Runner from 3rd tries for Home, SAFE, throw by LF to trailing runner, OUT at third! 7-3-5
Pinch Hitting: RHB Kyle Shipes 0-0: Ball
1-0: Foul Ball, location: 23F
1-1: SINGLE (Line Drive, 78M, EV 101.3 MPH)
Pinch Hitting: SHB Aaron Conti 0-0: Called Strike
0-1: Swinging Strike
0-2: Strikes out looking
Top of the 8th over - 1 run, 3 hits, 0 errors, 1 left on base; Chicago A (AZL) 3 - Arizona (AZL) 4
BOTTOM OF THE 8TH
Arizona (AZL) Diamondbacks batting - Pitching for Chicago A (AZL) White Sox : RHP Chad Blechle
Pitching: LHP Felix Kwarten
Now at C: Jon Bell
Now at 2B: Josh Lane
Now at 3B: Kyle Shipes
Batting: LHB Jose Guerrero 0-0: Ball
1-0: Foul Ball, location: 2LF
1-1: Foul Ball, location: 2F
1-2: Strikes out swinging
Batting: LHB Ruben Prudente 0-0: Called Strike
0-1: Ball
1-1: SINGLE (Line Drive, 8LS, EV 93.1 MPH)
Pitching: RHP Chris Guenther
Batting: RHB Javier Pacheco 0-0: Called Strike
0-1: Called Strike
0-2: SINGLE (Flyball, 89S, EV 91.3 MPH)
Ruben Prudente to second
Batting: SHB Eric Meek 0-0: Foul Ball, location: 9LSF
0-1: Swinging Strike
0-2: Ball
1-2: Foul Ball, location: 2F
1-2: Fly out, F7 (Line Drive, 7LM, EV 91.9 MPH)
Batting: RHB Joe Reese 0-0: Ball
1-0: Called Strike
1-1: Ball
2-1: Fly out, F9 (Flyball, 9, EV 81.9 MPH)
Bottom of the 8th over - 0 runs, 2 hits, 0 errors, 2 left on base; Chicago A (AZL) 3 - Arizona (AZL) 4
TOP OF THE 9TH
Chicago A (AZL) White Sox batting - Pitching for Arizona (AZL) Diamondbacks : LHP Tim Furrer
Pitching: RHP Jose Gomez
Pinch Hitting: SHB David DeWitt 0-0: Ball
1-0: Ball
2-0: Ball
3-0: Called Strike
3-1: Fly out, F6 (Line Drive, 6M, EV 76.3 MPH)
Batting: RHB Dillon Geyer 0-0: Ball
1-0: Swinging Strike
1-1: Ball
2-1: Swinging Strike
2-2: Strikes out swinging
Pinch Hitting: RHB Jacky Buis 0-0: Called Strike
0-1: Called Strike
0-2: Fly out, F7 (Flyball, 78M, EV 90.0 MPH)
Top of the 9th over - 0 runs, 0 hits, 0 errors, 0 left on base; Chicago A (AZL) 3 - Arizona (AZL) 4
Saturday, May 11th , 2024 - OOTP Baseball 24.11 Build 85